Map: King Sejong Station LE

Players

Miszu

  • Race: Terran Terran
  • League: Master

llllllllllll - Winner!

  • Race: Protoss Protoss
  • League: Grandmaster

VOD

Have the link to the VOD?

Description

Time

  • Played on: June 11, 2016, 1:14 p.m.
  • Length: 3:54
Show
View Real Time Build Order
Export as new Build Order

Miszu Terran 

Build Orders: Reaper Expand 

Get SALT Encoding   

  12  0:00  SCV  
  13  0:12  SCV  
  14  0:17  Supply Depot  
  14  0:24  SCV  
  15  0:38  SCV  
  15  0:40  Barracks  
  16  0:44  Refinery  
  16  0:50  SCV  
  17  1:03  SCV  
  18  1:15  SCV  
  19  1:27  Orbital Command  
  19  1:28  Reaper  
  20  1:40  Command Center  
  20  1:49  Supply Depot  
  20  1:53  SCV  
  21  2:00  Barracks Reactor  
  21  2:03  Refinery  
  21  2:06  SCV  
  22  2:21  Factory  
  22  2:23  SCV  
  23  2:32  Bunker  
  23  2:40  Marine x2  
  25  2:56  SCV  
  25  2:58  Marine x2  
  28  3:06  Starport, Factory Tech Lab  
  28  3:10  SCV  
  28  3:11  Orbital Command  
  27  3:15  Marine  
  27  3:16  Marine  
  27  3:33  Marine x2  
Show
View Real Time Build Order
Export as new Build Order

llllllllllll Protoss - Winner!

Build Orders: Oracle Opening 

Get SALT Encoding   

  12  0:09  Pylon  
  12  0:13  Probe (Chrono Boost)  
  13  0:23  Probe (Chrono Boost)  
  14  0:30  Gateway  
  14  0:35  Probe (Chrono Boost)  
  15  0:40  Assimilator  
  15  0:46  Probe (Chrono Boost)  
  16  0:50  Assimilator  
  16  0:56  Probe (Chrono Boost)  
  17  1:07  Probe (Chrono Boost)  
  18  1:17  Cybernetics Core  
  19  1:18  Probe (Chrono Boost)  
  19  1:29  Probe (Chrono Boost)  
  20  1:33  Pylon  
  20  1:39  Probe (Chrono Boost)  
  25  1:54  Adept (Chrono Boost), Mothership Core (Chrono Boost)  
  25  2:01  Stargate  
  25  2:12  Probe (Chrono Boost)  
  26  2:20  Adept (Chrono Boost)  
  28  2:25  Probe  
  28  2:27  Pylon  
  28  2:47  Oracle (Chrono Boost)  
  30  2:51  Pylon  
  30  2:59  Probe  
  30  3:11  Pylon, Probe  
  31  3:23  Probe  
  35  3:35  Probe  
Tags
 
Add a new tag
Caveats
  • Supply blocks, unpowered buildings, or Contaminate may cause inaccurate times.
  • Supply counts are checked every 10 seconds.